AoeStats
← AiM | XiøFabrY

Arabia

510116048Analyzed
1v1 RM · 3d ago on Sep 29, 2026· 24m 53s· 2 players
Game mode
Random Map
Map size
Tiny (2 player)
Population
200
Speed
Normal
Resources
Standard
Victory
Conquest
Starting age
Dark Age
Ending age
Imperial Age
RankedLock teamsTeams togetherTeam positionsShared explorationLock speedFull tech treeHidden civsTurbo modeCheats
Victory
Defeat
🇦🇷 Poles · Argentina
1250
+18
🇨🇱 Sicilians · Chile
1286
-18
AiM | XiøFabrY
3:13 Loom
10:56 Feudal Age
17:10 Double-Bit Axe
17:35 Gold Mining
23:37 Castle Age
22:35 Scale Barding Armor
22:34 Stone Mining
23:29 Bloodlines
23:58 Arson
Saleuzenom
6:54 Loom
9:08 Feudal Age
9:12 Man-at-Arms
11:18 Double-Bit Axe
20:03 Castle Age
18:25 Forging
17:58 Horse Collar
19:10 Scale Barding Armor
19:48 Bloodlines
21:43 Gold Mining
23:17 Husbandry
Connection lost

Rejoining the realm…

Still unreachable

The connection could not be restored.

Session expired

The server has moved on; the page needs a fresh start.